 Dungeon Crawl Stone Soup version 0.30-a0-782-ge64f9170bb (console) character file.

Game seed: 7980481850534987578

2459 utis the Destroyer (level 9, 0/51 HPs)
             Began as a Tengu Wanderer on Feb 25, 2023.
             Killed from afar by an acid dragon (32 damage)
             ... with a splash of acid
             ... on level 6 of the Dungeon.
             The game lasted 00:25:31 (8402 turns).

utis the Destroyer (Tengu Wanderer)                 Turns: 8402, Time: 00:25:32

Health: 0/51       AC:  8    Str: 10    XL:     9   Next: 50%
Magic:  22/22      EV: 13    Int: 14    God:
Gold:   206        SH:  5    Dex: 19    Spells: 10/12 levels left

rFire   . . .      SeeInvis .    a - +1 dagger (venom)
rCold   . . .      Faith    .    e - +0 buckler
rNeg    . . .      Spirit   .    v - +0 scale mail
rPois   .          Reflect  .    (helmet restricted)
rElec   .          Harm     .    u - +0 cloak
rCorr   .          Rampage  .    (no gloves)
Will    .....                    (boots unavailable)
Stlth   +                        K - amulet of the acrobat
HPRegen 0.28/turn                W - ring of magical power
MPRegen 0.18/turn                (no ring)

@: flying quickly and evasively, quick
A: beak, talons 3, nimble flight
a: no special abilities


You were on level 6 of the Dungeon.
You visited 1 branch of the dungeon, and saw 6 of its levels.

You collected 206 gold pieces.

Inventory:

Hand Weapons
 a - a +1 dagger of venom (weapon)
 b - a +0 shortbow
 d - a +0 hand axe
 m - a +0 short sword
 s - a +0 dagger
 E - a +0 flail
 G - a +0 broad axe
Missiles
 c - 2 datura-tipped darts
 x - 52 stones (quivered)
 B - 8 poisoned darts
 C - an atropa-tipped dart
Armour
 e - a +0 buckler (worn)
 g - a +0 robe
 l - a +0 leather armour
 p - a +0 buckler
 u - a +0 cloak (worn)
 v - a +0 scale mail (worn)
Magical Staves
 D - a staff of death
Jewellery
 K - an amulet of the acrobat (around neck)
 W - a ring of magical power (left hand)
Wands
 J - a wand of acid (3)
Scrolls
 f - a scroll of fear
 h - a scroll of blinking
 i - 7 scrolls of teleportation {@r4}
 k - a scroll of immolation
 t - 2 scrolls of torment {unknown}
 y - a scroll of vulnerability
 F - a scroll of enchant armour {unknown}
 H - a scroll of silence {unknown}
 I - a scroll of acquirement {unknown}
Potions
 j - a potion of heal wounds {@q2}
 n - 2 potions of mutation {!q}
 o - a potion of invisibility
 q - 3 potions of flight {unknown}
 r - a potion of attraction {unknown}
 w - 2 potions of curing {unknown}
 z - a potion of lignification {unknown}
 A - 3 potions of might


   Skills:
 - Level 3.3 Fighting
 - Level 2.0 Short Blades
 - Level 2.1(2.2) Axes
 - Level 0.1(1.2) Polearms
 - Level 1.0 Throwing
 - Level 3.7 Armour
 + Level 7.1 Dodging
 - Level 3.0 Stealth
 - Level 3.0 Shields
 - Level 2.0 Spellcasting
 - Level 8.0 Conjurations
 - Level 8.0 Air Magic


You had 10 spell levels left.
You knew the following spells:

 Your Spells              Type           Power      Damage    Failure   Level
t - Static Discharge      Conj/Air       46%        2-4/arc   11%         2

Your spell library contained the following spells:

 Spells                   Type           Power      Damage    Failure   Level
 Hailstorm                Conj/Ice       12%        3d5       73%         3
 Vhi's Electric Charge    Tloc/Air       24%        N/A       73%         3
 Arcjolt                  Conj/Air       11%        1d21      89%         5
 Lightning Bolt           Conj/Air       11%        1d24      89%         5
 Ice Form                 Ice/Tmut       1%         N/A       100%        4
 Simulacrum               Ice/Necr       0%         N/A       100%        6


Dungeon Overview and Level Annotations

Branches:
Dungeon (6/15)
 Temple: D:4-7

Altars:
Cheibriados
Kikubaaqudgha
Qazlal
Sif Muna
Vehumet
Xom
Zin


Innate Abilities, Weirdness & Mutations

You have a beak for a mouth.
You have claws for feet.
Your magical nature lets you fly swiftly and evasively.


Message History

You start resting.
An acid dragon is nearby!
Throw: 53 stones
Press: ? - help, Q - select action, (/) - cycle Shift-Dir - straight line, f - acid dragon
Aim: an acid dragon (wandering, hasn't noticed you, 62% to hit)
You throw a stone. The acid dragon roars!
The stone hits the acid dragon but does no damage.
The acid dragon spits acid at you. The splash of acid misses you.
You start resting.
An acid dragon is nearby!
The acid dragon misses you. The acid dragon closely misses you.
Items here: ))))) [[[ †.
You hit the acid dragon.
The acid dragon is lightly wounded.
The acid dragon closely misses you. The acid dragon claws you.
You hit the acid dragon. Your kick misses the acid dragon.
You peck the acid dragon, but do no damage.
The acid dragon is lightly wounded.
The acid dragon barely misses you.
The acid dragon claws you but does no damage.
You hit the acid dragon.
The acid dragon is lightly wounded.
The acid dragon barely misses you. x2
You hit the acid dragon but do no damage.
The acid dragon is poisoned.
You claw the acid dragon! You peck the acid dragon.
The acid dragon is heavily wounded.
The acid dragon spits acid at you. The splash of acid hits you!
You hit the acid dragon.
The acid dragon is heavily wounded.
You block the acid dragon's attack. The acid dragon barely misses you.
You barely miss the acid dragon. Your kick misses the acid dragon.
The acid dragon is heavily wounded.
The acid dragon spits acid at you. The splash of acid hits you!!
Ouch! That really hurt!
You die...

░░░░.░ ..░░.░
░.░░.░ ░.░░.░
.....░ ░░.░░░ ..)░
░..░░░░░░░░░░░░░░░░
░.<)............Q.░
░.░.░░░░░░░░░░░░░D░
....†..........<░)░
░.░.............░.░
░.░░░░░.░.........'
░.................░
░░░░░░░.░......░░░.
......)..>.....+ .
░..░░░░.░.░....░ .


You could see an acid dragon (very poisoned, catching breath).

Vanquished Creatures
  A steam dragon (D:6)
  5 yaks (D:5)
  An ice beast (D:5)
  5 ogres
  3 centaurs (D:6)
  2 phantoms (D:5)
  2 necrophages
  A scorpion (D:4)
  3 hounds
  A jelly (D:5)
  2 orc priests
  3 iguanas
  3 orc wizards (D:4)
  Robin (D:2)
  8 adders
  A white imp (D:5)
  An ufetubus (D:5)
  A worm (D:3)
  2 dart slugs (D:2)
  15 orcs
  4 ball pythons
  6 endoplasms
  3 giant cockroaches
  16 goblins
  10 hobgoblins
  5 quokkas
  4 bats
  2 frilled lizards
  17 kobolds
  5 rats
133 creatures vanquished.

Notes
Turn   | Place    | Note
-------+----------+-------------------------------------------
     0 | D:1      | utis the Tengu Wanderer began the quest for the Orb.
     0 | D:1      | utis set off with the following items: a +0 dagger, an
                  | atropa-tipped dart, 2 datura-tipped darts, a +0 hand axe, a
                  | +0 buckler, a scroll of fear, a +0 robe.
     0 | D:1      | Reached XP level 1. HP: 10/10 MP: 2/2
   164 | D:1      | Noticed a golden eye
   172 | D:1      | Found a faded altar of an unknown god.
   173 | D:1      | Noticed a great orb of eyes
   173 | D:1      | Noticed an eye of devastation
   173 | D:1      | Noticed an eye of devastation
   182 | D:1      | Reached skill level 1 in Dodging
   189 | D:1      | Reached XP level 2. HP: 13/16 MP: 3/3
   231 | D:1      | Reached skill level 1 in Fighting
   543 | D:1      | Reached XP level 3. HP: 17/20 MP: 4/4
   684 | D:2      | Noticed Robin
   812 | D:2      | Killed Robin
   935 | D:2      | Reached XP level 4. HP: 26/26 MP: 5/5
  1650 | D:3      | Found a stormy altar of Qazlal.
  2814 | D:3      | Reached skill level 1 in Short Blades
  2999 | D:3      | Gained mutation: Your magical nature lets you fly swiftly
                  | and evasively. [Tengu growth]
  2999 | D:3      | Reached XP level 5. HP: 32/32 MP: 6/6
  3277 | D:3      | Found a glowing silver altar of Zin.
  3527 | D:3      | Found a shimmering altar of Xom.
  3530 | D:3      | Found a shimmering blue altar of Sif Muna.
  3536 | D:3      | Found a snail-covered altar of Cheibriados.
  4559 | D:4      | Learned a level 2 spell: Static Discharge
  4599 | D:4      | Noticed an ogre
  5054 | D:3      | Killed an ogre
  5055 | D:3      | Reached XP level 6. HP: 37/37 MP: 7/7
  5867 | D:4      | Reached skill level 1 in Conjurations
  5867 | D:4      | Reached skill level 1 in Air Magic
  5867 | D:4      | Reached XP level 7. HP: 23/41 MP: 8/8
  6277 | D:4      | Reached skill level 1 in Spellcasting
  6317 | D:5      | Entered Level 5 of the Dungeon
  6566 | D:5      | Reached skill level 5 in Dodging
  6566 | D:5      | Reached XP level 8. HP: 29/46 MP: 11/11
  6805 | D:5      | Found an ancient bone altar of Kikubaaqudgha.
  6808 | D:5      | Found a radiant altar of Vehumet.
  7150 | D:5      | Noticed a yak
  7150 | D:5      | Noticed a yak
  7150 | D:5      | Noticed a yak
  7150 | D:5      | Noticed a yak
  7151 | D:5      | Noticed a yak
  7161 | D:5      | Killed a yak
  7162 | D:5      | Reached skill level 5 in Conjurations
  7162 | D:5      | Reached skill level 5 in Air Magic
  7451 | D:5      | Killed a yak
  7458 | D:5      | Killed a yak
  7473 | D:5      | Killed a yak
  7474 | D:5      | Reached XP level 9. HP: 14/51 MP: 13/13
  8402 | D:6      | Killed from afar by an acid dragon

Illustrated notes

Levels and vault maps discovered:
D:1:      grunt_arrival_crossed_arrows, layout_loops_cross,
          hellmonk_ecumenical_altar_watching_god
D:2:      layout_loops_ring, uniq_robin
D:3:      layout_basic, mainiacjoe_overflow_brackets, zin_academy, minitemple,
          hex_tiny
D:4:      layout_cave_pods, minmay_fractal_squares_gapless_5
D:5:      layout_gridville, jmf_multi_god_temple, minmay_splitting_lines
D:6:      layout_basic, uniq_crazy_yiuf_cottage, uniq_prince_ribbit1

Skill      XL: |  1  2  3  4  5  6  7  8  9 |
---------------+----------------------------+-----
Dodging        | 1 2 3 4 5 6 7 |  7.1
Fighting       | 1 2 3 |  3.3
Short Blades   | 1 2 |  2.0
Armour         | 3 |  3.7
Conjurations   | 1 3 6 8 |  8.0
Air Magic      | 1 3 6 8 |  8.0
Spellcasting   | 1 2 |  2.0
Axes           | |  2.1
Polearms       | |  0.1
Throwing       | |  1.0
Stealth        | |  3.0
Shields        | |  3.0

Action                     |  1- 3 |  4- 6 |  7- 9 || total
---------------------------+-------+-------+-------++-------
  Melee: Dagger            |    28 |   147 |   169 ||   344
         Kick              |    28 |    55 |    83 ||   166
         Peck              |    14 |    28 |    59 ||   101
         Short sword       |    60 |     7 |       ||    67
         Broad axe         |       |       |    39 ||    39
         Punch             |       |       |     6 ||     6
  Throw: Dart              |     2 |     2 |       ||     4
         Stone             |       |    10 |     3 ||    13
    Use: Scroll            |       |     8 |       ||     8
         Potion            |       |       |     1 ||     1
   Stab: Sleeping          |     5 |     4 |       ||     9
 Armour: Robe              |     4 |       |       ||     4
         Leather armour    |    17 |     4 |       ||    21
         Scale mail        |       |    40 |    64 ||   104
  Dodge: Dodged            |    45 |    58 |   116 ||   219
  Block: Buckler           |    24 |    17 |    15 ||    56

Table legend: (Time is in decaauts)
 A = Elapsed time spent in this place.
 B = Non-inter-level travel time spent in this place.
 C = Inter-level travel time spent in this place.
 D = Time resting spent in this place.
 E = Time spent auto-exploring this place.
 F = Levels seen in this place.
 G = Mean time per level.
                   A        B        C        D        E       F      G
               +--------+--------+--------+--------+--------+-----+--------+
         Total |   8115 |   7572 |    543 |   2054 |   3887 |   6 | 1352.5 |
       Dungeon |   8115 |   7572 |    543 |   2054 |   3887 |   6 | 1352.5 |
               +--------+--------+--------+--------+--------+-----+--------+

Top non-repeatable levels by time:
     D:3: 1970 daAuts
     D:4: 1888 daAuts
     D:2: 1742 daAuts
     D:5: 1174 daAuts
     D:1: 778 daAuts
     D:6: 561 daAuts
